[Event "GER-ch Youth-U14 2022"]
[Site "Willingen"]
[Date "2022.06.07"]
[Round "4.11"]
[White "Campora, Daniel H."]
[Black "Braeutigam, Alexander"]
[Result "1-0"]
[ECO "E25"]
[WhiteElo "2397"]
[BlackElo "1749"]
[Annotator "TA"]
[PlyCount "69"]
[EventDate "2022.06.05"]
[EventType "swiss"]
[EventRounds "9"]
[EventCountry "GER"]
[SourceTitle "playchess.com"]
[Source "ChessBase"]
[SourceQuality "1"]
[TimeControl "40/4500+30:900+30"]

1. d4 Nf6 2. c4 e6 3. Nc3 Bb4 4. f3 d5 5. a3 Bxc3+ 6. bxc3 c5 7. cxd5 Nxd5 8. dxc5 O-O {[%emt 0:00:00] E25: Nimzo-Indian: Sämisch: 5...c5 6 f3 d5 7 cxd5.} ({Resist} 8... Nxc3 9. Qxd8+ Kxd8 10. Bb2 $16) (8... f5 $11) 9. e4 $16 Ne7 (9... Nxc3 $2 10. Qb3 Nxe4 11. fxe4 $18) 10. Qxd8 Rxd8 {[%emt 0:00:00] [#] White is better.} 11. Rb1 $146 ({Predecessor:} 11. Bf4 Nbc6 12. Bc7 Rd7 13. Bd6 b6 14. Rb1 Bb7 15. Bb5 Nc8 16. Bf4 bxc5 17. Ne2 Nb6 18. Be3 c4 19. Kf2 Rc7 20. Rhd1 Ne5 21. a4 Nc8 {½-½ (21) Ongut,T (2314)-Narayanan,S (2540) Chess.com INT 2021}) 11... Nd7 12. Be3 b6 13. Rd1 {[%emt 0:14:01] [#] Threatens to win with cxb6. White is more active.} Bb7 14. cxb6 Nxb6 15. Rb1 Bc6 {[%emt 0:06:48] [#]} (15... Rac8 $14) 16. Ne2 (16. Ba6 $1 $16) 16... e5 17. Ng3 Rd7 ({Black should play} 17... Na4 $14) 18. Kf2 Na4 19. Rb3 Rb7 20. Bc4 Rxb3 21. Bxb3 {[%emt 0:00:10] A strong pair of Bishops.} Nxc3 $2 {[%emt 0:06:16][%mdl 8192] This costs Black the game.} (21... Rc8 $16 22. Ne2 (22. Bxa7 Nxc3 23. Rc1 Ba4 $16) 22... a6) 22. Rc1 $18 Nb5 23. Bg5 Nd4 24. Bxe7 Rb8 25. Bd5 Rb2+ 26. Kg1 Bd7 27. Rc7 Rb1+ 28. Nf1 Ne2+ 29. Kf2 Rb2 30. Rxd7 Nf4+ 31. Kg1 ({And not} 31. Ke1 Nd3+ 32. Kd1 Nf2+ 33. Ke1 Nd3+ 34. Kd1 Nf2+ 35. Ke1 Nd3+ $11) 31... Rxg2+ 32. Kh1 g5 33. Bf6 {[%emt 0:00:30][%cal Rd7d8] White mates.} h6 34. Rd8+ Kh7 35. Bxf7 {[%emt 0:00:08] Weighted Error Value: White=0.11 (very precise) /Black=0.62} 1-0

[Event "GER-ch Youth-U14 2022"]
[Site "Willingen"]
[Date "2022.06.07"]
[Round "4.12"]
[White "Linnemann, Caspar"]
[Black "Kocharin, Timur"]
[Result "0-1"]
[ECO "B35"]
[WhiteElo "1720"]
[BlackElo "1867"]
[Annotator "NA RC COMBH"]
[PlyCount "80"]
[EventDate "2022.06.05"]
[EventType "swiss"]
[EventRounds "9"]
[EventCountry "GER"]
[SourceTitle "playchess.com"]
[Source "ChessBase"]
[SourceQuality "1"]
[TimeControl "40/4500+30:900+30"]

1. e4 c5 2. Nf3 Nc6 3. d4 cxd4 4. Nxd4 g6 5. Nc3 Bg7 6. Be3 Nf6 7. Bc4 O-O 8. Bb3 Re8 9. f3 e6 10. Qd2 d5 11. exd5 Nxd5 12. Nxd5 Nxd4 13. Bxd4 Qh4+ 14. Bf2 (14. Kf1 $11 exd5 15. Bxg7 Kxg7 16. Bxd5) 14... exd5+ 15. Kf1 Qf6 16. c3 ({Better is} 16. Rd1 $15) 16... Qa6+ 17. Kg1 {[%emt 0:03:08] [#]} Re2 $1 18. Qxd5 (18. Qf4 {was called for.}) 18... Be6 19. Qd1 Rxb2 20. Rb1 Bxb3 ({And not} 20... Bxc3 21. Rxb2 Bxb2 22. g4 $17) 21. axb3 Rxb1 ({Not} 21... Bxc3 22. Rxb2 Bxb2 23. g3 $17) 22. Qxb1 Qe2 23. Qe1 Qc2 24. g3 Rd8 25. Kg2 Bxc3 26. Qe7 Rd2 27. Rf1 $19 Bd4 28. Qe8+ Kg7 29. Qe1 Kf6 30. f4 Rxf2+ 31. Rxf2 Qxf2+ 32. Qxf2 Bxf2 33. Kxf2 a5 34. g4 Ke6 35. Ke3 Kd5 36. Kd3 b5 37. h3 a4 38. bxa4 bxa4 39. Kc3 Ke4 40. Kb4 Kxf4 0-1

[Event "GER-ch Youth-U14 2022"]
[Site "Willingen"]
[Date "2022.06.07"]
[Round "4.13"]
[White "Chinguun Sundui"]
[Black "Weyerer, Noah"]
[Result "1-0"]
[ECO "A40"]
[WhiteElo "1731"]
[BlackElo "1555"]
[Annotator "NA RC COMBH"]
[PlyCount "79"]
[EventDate "2022.06.05"]
[EventType "swiss"]
[EventRounds "9"]
[EventCountry "GER"]
[SourceTitle "playchess.com"]
[Source "ChessBase"]
[SourceQuality "1"]
[TimeControl "40/4500+30:900+30"]

1. d4 e6 2. Nc3 d5 3. Bf4 Bd6 4. e3 Bxf4 5. exf4 Nf6 6. Nf3 b6 7. g3 Nbd7 8. Ne5 Bb7 9. Bg2 O-O 10. O-O c5 11. g4 Ba6 12. Re1 Qc7 13. g5 cxd4 14. Qxd4 Nxe5 15. Rxe5 Nd7 16. Ree1 Qc4 17. Qd2 Rac8 18. Bf1 Qc5 19. Bxa6 Rc7 20. Bd3 f6 21. Qe3 Qxe3 22. fxe3 fxg5 23. fxg5 Ne5 24. Be2 Rf5 25. h4 Ng6 26. Bd3 Rf3 27. Bxg6 hxg6 28. Kg2 Rcf7 29. Re2 Kf8 30. Nb5 e5 31. Nd6 Ke7 32. Nxf7 Rxf7 33. Rf2 Rf5 34. Rxf5 gxf5 35. h5 Kf7 36. Rf1 g6 37. h6 Kg8 38. Rd1 d4 39. exd4 e4 40. d5 1-0

[Event "GER-ch Youth-U14 2022"]
[Site "Willingen"]
[Date "2022.06.07"]
[Round "4.14"]
[White "Torosyan, Bagrat"]
[Black "Huber, Benedikt"]
[Result "1-0"]
[ECO "C54"]
[WhiteElo "1683"]
[BlackElo "2288"]
[Annotator "TA"]
[PlyCount "71"]
[EventDate "2022.06.05"]
[EventType "swiss"]
[EventRounds "9"]
[EventCountry "GER"]
[SourceTitle "playchess.com"]
[Source "ChessBase"]
[SourceQuality "1"]
[TimeControl "40/4500+30:900+30"]

1. e4 e5 2. Nf3 Nc6 3. Bc4 Bc5 4. c3 Nf6 5. d3 d6 6. O-O a6 7. Bb3 {[%emt 0:00:00] 7.Bb3 has lost popularity.} Ba7 8. Nbd2 h6 {[%emt 0:00:00] C54: Giuoco Piano: 4 c3 Nf6, main lines with 5 d4 and 5 d3.} 9. h3 g5 10. Nc4 (10. d4 $5) 10... g4 {[%emt 0:00:00] The position is equal.} 11. hxg4 Bxg4 12. Ne3 ({Better is} 12. Be3 $14) 12... h5 ({Black should play} 12... Bxe3 $15 13. fxe3 (13. Bxe3 Qd7 $11) 13... Qe7) 13. Nf5 {[%emt 0:20:33] [#]} (13. Nxg4 $14 Nxg4 14. Ng5) 13... Rh7 $146 (13... Bxf5 $11 14. exf5 Qd7) ({Predecessor:} 13... Qd7 14. Bg5 Nh7 15. Bh4 Rg8 16. d4 Ng5 17. Nxg5 Bxd1 18. Bxf7+ Kf8 19. Be6 Rxg5 20. Bxd7 Rxf5 21. exf5 {1-0 (29) Indjic,A (2623)-Abdusattorov,N (2633) Warsaw 2021}) 14. Bg5 $16 {[%emt 0:17:08] And now d4 would win. White is more active.} Nb8 $2 (14... Kd7 $16) 15. Ba4+ b5 16. Bb3 Nbd7 17. Bd5 Rb8 18. a4 {[%emt 0:02:13][%cal Ba2a4,Ba4a5][%mdl 32] axb5 is the strong threat.} Bxf5 (18... h4 $142 19. N5xh4 b4) 19. exf5 $18 b4 20. Bc6 {[%emt 0:02:02] A strong pair of Bishops.} Rb6 21. Bxd7+ Kxd7 22. a5 Rb5 23. Qa4 c6 (23... Kc8 $16 {was called for.} 24. c4 (24. cxb4 Qh8 $16) 24... Rb7) 24. c4 ({Less strong is} 24. cxb4 Qh8 $14) (24. Rac1 $18 {and White stays clearly on top.}) 24... Rb8 $16 25. Rac1 Bc5 26. b3 $2 (26. Rfe1 $16 Rg7 27. d4 (27. Rxe5 Bxf2+ 28. Kxf2 Rxg5 $11) 27... exd4 28. Qd1) 26... Qh8 $2 (26... Rg7 $1 $17 {[%cal Od8g8] keeps the pressure on. Strongly threatening ...Qg8!} 27. Rce1 Qg8) 27. Rcd1 $2 ({White must play} 27. Rce1 $1 $18 {[%cal Re1e5] Threatens to win with Rxe5!} Rg8 28. Rxe5 $1 (28. d4 exd4 29. Bh4 Rhg7 $15) 28... Rxg5 29. Rxc5 Rxg2+ 30. Kxg2 dxc5 31. Ne5+ Kd6 32. Re1) 27... Ng4 28. d4 {[%emt 0:01:40] Really sharp!} Bxd4 (28... exd4 $11 29. Rfe1 Re8) 29. Nxd4 $18 exd4 30. f6 (30. Rfe1 $142 {White wants to mate with Re7+.} f6 31. Bf4) 30... Nxf6 {[%emt 0:02:37] aiming for ...Ne4.} (30... Rg8 $2 31. Rfe1 $1 Ne5 32. f4 Rxg5 33. fxg5 $18) 31. Rxd4 $40 {[%emt 0:00:28][%mdl 128] White goes for the king.} Rg8 $2 {[%emt 0:18:13] [#]} (31... Ne8 32. Re1 f5) 32. Qxb4 $1 Ne8 33. Qb7+ Nc7 {[%emt 0:00:06] [#]} 34. Rfd1 $2 Rg6 $2 {[%emt 0:00:30] [#]} (34... Qxd4 35. Rxd4 Rxg5) 35. Bf4 (35. c5 $142 $1 Rhh6 36. Bxh6 Qxh6 37. cxd6 Rxd6 38. Rxd6+ Qxd6 39. Rxd6+ Kxd6 40. Qb4+ Kd7 41. Qf4) 35... Rhh6 36. c5 {[%emt 0:00:58] Weighted Error Value: White=0.79/Black=0.73} 1-0

[Event "GER-ch Youth-U14 2022"]
[Site "Willingen"]
[Date "2022.06.07"]
[Round "4.15"]
[White "Deschler, Arne"]
[Black "Kempe, Caius Emilian"]
[Result "0-1"]
[ECO "C01"]
[WhiteElo "1646"]
[BlackElo "1973"]
[Annotator "TA"]
[PlyCount "144"]
[EventDate "2022.06.05"]
[EventType "swiss"]
[EventRounds "9"]
[EventCountry "GER"]
[SourceTitle "playchess.com"]
[Source "ChessBase"]
[SourceQuality "1"]
[TimeControl "40/4500+30:900+30"]

1. e4 e6 2. d4 d5 3. exd5 exd5 4. Bd3 Nc6 5. c3 Bd6 6. Qf3 Be6 7. Ne2 Qd7 8. Bf4 Nge7 {[%emt 0:00:00] C01: French: Exchange Variation.} 9. Bxd6 Qxd6 10. Nd2 O-O-O {[%emt 0:00:00] White is slightly better.} 11. O-O-O Ng6 12. g3 {[%emt 0:04:52] [#]} Kb8 $146 ({Predecessor:} 12... Qd7 13. h3 Kb8 14. h4 Rhe8 15. Rde1 Re7 16. Nf1 Bg4 17. Qg2 Nge5 18. dxe5 Nxe5 {0-1 (32) Laurent,M (2018)-Theunissen,K (2154) Leuven 2004}) 13. Nb3 f6 (13... h5 $11) 14. Rhe1 Bf7 15. Bc2 Nce7 16. Nc5 Nc8 17. Qh5 b6 18. Na6+ Kb7 19. Nb4 a5 20. Nd3 Qc6 21. Qg4 Nd6 22. h4 h5 23. Qf3 Nc4 24. Nef4 Nxf4 25. Qxf4 Rd7 26. Re2 Qb5 27. Rde1 Rhd8 (27... Kb8 $11) 28. Qf5 a4 (28... Rh8 $14) 29. Re7 $2 (29. a3 $1 $16) 29... a3 (29... Rxe7 $11 30. Rxe7 Nd6) 30. b3 $1 $14 Nd6 31. Qf4 (31. Qf3 $14) 31... Qc6 (31... Ne4 $11 {remains equal.} 32. c4 Qa5 33. R1xe4 dxe4 34. Qxe4+ Kb8) 32. Rxd7 (32. R7e3 $16) 32... Rxd7 33. Qd2 ({Better is} 33. Re3 $14) 33... Ne4 $11 34. Rxe4 dxe4 $17 35. Nb4 Qe6 36. Qe2 c5 (36... Bg6 $17 37. Bd1 Kb8) 37. Bxe4+ ({White should try} 37. Qa6+ $11 Kc7 38. Qa7+ (38. dxc5 bxc5 39. Qa5+ Kb7 $11) 38... Kd8 39. Qa8+ Ke7 40. Nc6+ Kd6 41. Nd8) 37... Kc7 $15 38. Na6+ Kd8 39. dxc5 Qe5 40. Qe3 {[%emt 0:01:21] Threatens to win with c6.} bxc5 $40 {[%emt 0:01:16][%mdl 128] Black is up to no good.} 41. Nxc5 {[%emt 0:17:21] aiming for f4.} Rc7 {[%emt 0:18:42] Really sharp!} 42. Qd4+ (42. b4 $1 $11 {was the only way to keep the balance.}) 42... Ke7 $17 ({Inferior is} 42... Qxd4 43. cxd4 Re7 44. Nb7+ Kc7 45. Nc5 $17) 43. Qxe5+ fxe5 {[%emt 0:00:00][%mdl 4096] Endgame KRB-KBN} 44. Na4 Be8 45. Kc2 (45. Kd2 $17) 45... Bxa4 $19 46. bxa4 {[%emt 0:00:00] KR-KB} Rc4 47. Bg6 (47. f3 {was worth a try.} Rxa4 48. Bd3) 47... Rxa4 {[%emt 0:00:00] And now ...Ra6 would win.} 48. Bxh5 {[%emt 0:00:00] [#]} Ra7 $2 (48... Ra6 $1 $19 49. Kb3 e4) 49. Kb3 {[%emt 0:00:00] [#]} Kd6 ({Black should play} 49... Ra6 $1 $17 {Hoping for ...e4.} 50. f3 Rh6) 50. Kb4 $2 (50. Bg6 $15) 50... Kd5 $2 (50... Rb7+ $19 {is more deadly.} 51. Kxa3 e4) 51. Bf3+ $2 (51. f3 $17) 51... e4 52. Bd1 Rb7+ 53. Kxa3 Kc4 54. Bb3+ Kxc3 {[%emt 0:00:00] ( -> ...Ra7+)} 55. Ka4 Kd3 {[%emt 0:00:00] ...Ke2 is the strong threat.} 56. Bd5 Re7 57. g4 Ke2 58. h5 Kxf2 {[%emt 0:00:00] Black mates.} 59. g5 e3 60. Bc4 e2 61. Bxe2 Rxe2 {[%emt 0:00:00] KR-K3P} 62. Kb3 Re5 63. h6 g6 64. h7 Re8 65. Kc4 Rh8 66. Kd5 Rxh7 {[%emt 0:00:00] KR-KPP} 67. Ke6 Ra7 68. Kf6 Ra6+ 69. Kg7 Kf3 70. a4 Kf4 71. Kh6 Kf5 72. a5 Rxa5 {[%emt 0:00:00] Weighted Error Value: White=0.92/Black=0.56} 0-1

[Event "GER-ch Youth-U14 2022"]
[Site "Willingen"]
[Date "2022.06.07"]
[Round "4.16"]
[White "Jahnz, Laurin"]
[Black "Shapiro, Danil"]
[Result "1/2-1/2"]
[ECO "B40"]
[WhiteElo "1681"]
[BlackElo "1468"]
[Annotator "NA RC COMBH"]
[PlyCount "87"]
[EventDate "2022.06.05"]
[EventType "swiss"]
[EventRounds "9"]
[EventCountry "GER"]
[SourceTitle "playchess.com"]
[Source "ChessBase"]
[SourceQuality "1"]
[TimeControl "40/4500+30:900+30"]

1. e4 c5 2. Nf3 e6 3. d3 Nc6 4. g3 g6 5. Bg2 Bg7 6. O-O d6 7. Nbd2 b5 8. Re1 e5 9. c3 Nf6 10. Nf1 Nd7 11. Bg5 f6 12. Bd2 Nb6 13. h4 O-O 14. N1h2 h6 15. Qc1 Kh7 16. g4 f5 17. exf5 gxf5 18. Ng5+ hxg5 19. Bxc6 Rb8 20. Bxg5 Qc7 21. Bf3 fxg4 22. Bxg4 Qf7 23. Qe3 Bb7 24. Nf1 Nd5 25. Qg3 Bf6 26. Bf5+ Kh8 27. Qh3 Nf4 28. Bxf4 exf4 29. Bg4 Rg8 30. Kh2 Rxg4 31. Qxg4 Rg8 32. Qe6 Qg6 33. Ne3 fxe3 34. Rg1 Be5+ 35. Qxe5+ dxe5 36. Rxg6 Rxg6 37. fxe3 Rg4 38. d4 exd4 39. exd4 cxd4 40. cxd4 Rxh4+ 41. Kg3 Rxd4 42. Re1 a5 43. Re8+ Kg7 44. Re7+ 1/2-1/2

[Event "GER-ch Youth-U14 2022"]
[Site "Willingen"]
[Date "2022.06.07"]
[Round "4.17"]
[White "Detjen, Mattes"]
[Black "Uhlmann, Tim"]
[Result "0-1"]
[ECO "C44"]
[WhiteElo "1098"]
[BlackElo "1776"]
[Annotator "NA RC COMBH"]
[PlyCount "60"]
[EventDate "2022.06.05"]
[EventType "swiss"]
[EventRounds "9"]
[EventCountry "GER"]
[SourceTitle "playchess.com"]
[Source "ChessBase"]
[SourceQuality "1"]
[TimeControl "40/4500+30:900+30"]

1. e4 e5 2. Nf3 Nc6 3. d4 exd4 4. Nxd4 Bb4+ 5. c3 Bc5 6. Be3 Bb6 7. Nf5 Bxe3 8. Nxe3 Nf6 9. Bd3 O-O 10. c4 d6 11. Nc3 Ne5 12. Bc2 Nfg4 13. Nxg4 Bxg4 14. f3 Be6 15. b3 Qh4+ 16. Ke2 Qg5 17. Kf2 f5 18. Rf1 Rf6 19. Kg1 Qe3+ 20. Kh1 Qxc3 21. f4 Ng4 22. exf5 Ne3 23. Qf3 Qxc2 24. Qxe3 Qxf5 25. Rae1 Bd7 26. Qf3 Bc6 27. Qf2 Rg6 28. Rg1 Rf8 29. Ref1 Rh6 30. Qg3 Rff6 0-1

[Event "GER-ch Youth-U14 2022"]
[Site "Willingen"]
[Date "2022.06.07"]
[Round "4.18"]
[White "Goldinov, Daniel"]
[Black "Fruth, David"]
[Result "0-1"]
[ECO "B22"]
[WhiteElo "1626"]
[BlackElo "1648"]
[Annotator "NA RC COMBH"]
[PlyCount "34"]
[EventDate "2022.06.05"]
[EventType "swiss"]
[EventRounds "9"]
[EventCountry "GER"]
[SourceTitle "playchess.com"]
[Source "ChessBase"]
[SourceQuality "1"]
[TimeControl "40/4500+30:900+30"]

1. e4 c5 2. c3 d5 3. exd5 Qxd5 4. Nf3 g6 5. Na3 a6 6. d4 Bg4 7. Be2 Bg7 8. O-O Nc6 9. h3 Bxf3 10. Bxf3 Qd7 11. dxc5 Qc7 12. Qa4 e6 13. Nc4 Ke7 14. Re1 h6 15. Nb6 Rd8 16. Nd5+ Rxd5 17. Bxd5 Ne5 0-1

[Event "GER-ch Youth-U14 2022"]
[Site "Willingen"]
[Date "2022.06.07"]
[Round "4.19"]
[White "Schwan, Aaron"]
[Black "Goepfert, Gregor"]
[Result "1-0"]
[ECO "C54"]
[WhiteElo "1671"]
[BlackElo "1446"]
[Annotator "NA RC COMBH"]
[PlyCount "47"]
[EventDate "2022.06.05"]
[EventType "swiss"]
[EventRounds "9"]
[EventCountry "GER"]
[SourceTitle "playchess.com"]
[Source "ChessBase"]
[SourceQuality "1"]
[TimeControl "40/4500+30:900+30"]

1. e4 e5 2. Nf3 Nc6 3. Bc4 Bc5 4. c3 Nf6 5. d3 d6 6. Bb3 a6 7. Nbd2 Ba7 8. Nf1 d5 9. Qe2 dxe4 10. dxe4 O-O 11. Ng3 h6 12. O-O Qe7 13. Nh4 Bg4 14. Qc2 Be6 15. Nhf5 Qe8 16. Qe2 Kh7 17. Qf3 Bxb3 18. axb3 Qe6 19. Nxg7 Kxg7 20. Nf5+ Kh7 21. Bxh6 Rg8 22. Qh3 Ng4 23. Bg7+ Nh6 24. Bxh6 1-0

[Event "GER-ch Youth-U14 2022"]
[Site "Willingen"]
[Date "2022.06.07"]
[Round "4.20"]
[White "Sinka, Silas"]
[Black "Mainka, Ingmar"]
[Result "1/2-1/2"]
[ECO "D08"]
[WhiteElo "1386"]
[BlackElo "1427"]
[Annotator "NA RC COMBH"]
[PlyCount "56"]
[EventDate "2022.06.05"]
[EventType "swiss"]
[EventRounds "9"]
[EventCountry "GER"]
[SourceTitle "playchess.com"]
[Source "ChessBase"]
[SourceQuality "1"]
[TimeControl "40/4500+30:900+30"]

1. d4 d5 2. c4 e5 3. dxe5 d4 4. Nf3 Nc6 5. e3 Bb4+ 6. Bd2 dxe3 7. fxe3 Bxd2+ 8. Nbxd2 Nge7 9. e4 Ng6 10. Be2 Ngxe5 11. Nxe5 Nxe5 12. O-O Be6 13. b3 O-O 14. Nf3 Nxf3+ 15. Bxf3 Qg5 16. Qe2 Rad8 17. Rad1 Qe5 18. Rd2 Rd4 19. Rfd1 Rfd8 20. Qe3 c5 21. Rxd4 cxd4 22. Qd3 Qa5 23. Qd2 Qc5 24. Qd3 h6 25. Kf1 Rd7 26. Kg1 Qa5 27. Qd2 Qc3 28. Kf2 Qxd2+ 1/2-1/2

[Event "GER-ch Youth-U14 2022"]
[Site "Willingen"]
[Date "2022.06.07"]
[Round "4.22"]
[White "Vihan, Shourya"]
[Black "Miller, Elias"]
[Result "1-0"]
[ECO "A01"]
[WhiteElo "1385"]
[BlackElo "1548"]
[Annotator "NA RC COMBH"]
[PlyCount "95"]
[EventDate "2022.06.05"]
[EventType "swiss"]
[EventRounds "9"]
[EventCountry "GER"]
[SourceTitle "playchess.com"]
[Source "ChessBase"]
[SourceQuality "1"]
[TimeControl "40/4500+30:900+30"]

1. b3 e5 2. Bb2 d6 3. e3 g6 4. f4 Bg7 5. Nf3 Bg4 6. h3 Bxf3 7. Qxf3 Nc6 8. Bb5 Nge7 9. Nc3 O-O 10. O-O-O a6 11. Bxc6 bxc6 12. h4 d5 13. h5 d4 14. Ne4 a5 15. fxe5 Bxe5 16. Nf6+ Bxf6 17. Qxf6 Nf5 18. Bxd4 Nxd4 19. Qxd4 Qxd4 20. exd4 Rfd8 21. c3 Rd5 22. Rde1 gxh5 23. Re5 Rxe5 24. dxe5 a4 25. b4 c5 26. bxc5 Ra5 27. d4 c6 28. Kc2 Kf8 29. Rxh5 Ke7 30. Rxh7 Ke6 31. Rh6+ Kd7 32. Rd6+ Ke7 33. Rxc6 a3 34. Kb3 Ra7 35. Rb6 Rc7 36. Kxa3 Kd7 37. Kb4 Ke7 38. a4 Kd7 39. a5 Ra7 40. Ka4 f5 41. exf6 Ke8 42. a6 Kf8 43. Rb7 Ra8 44. a7 Ke8 45. Rb8+ Rxb8 46. axb8=Q+ Kd7 47. Qd6+ Kc8 48. Qe7 1-0

[Event "GER-ch Youth-U14 2022"]
[Site "Willingen"]
[Date "2022.06.08"]
[Round "5.1"]
[White "Sreyas Payyappat"]
[Black "Ermitsch, Magnus"]
[Result "0-1"]
[ECO "B48"]
[WhiteElo "2169"]
[BlackElo "2222"]
[Annotator "TA"]
[PlyCount "48"]
[EventDate "2022.06.05"]
[EventType "swiss"]
[EventRounds "9"]
[EventCountry "GER"]
[SourceTitle "playchess.com"]
[Source "ChessBase"]
[SourceQuality "1"]
[TimeControl "40/4500+30:900+30"]

1. e4 c5 2. Nf3 e6 3. d4 cxd4 4. Nxd4 Nc6 5. Nc3 Qc7 6. Be3 a6 7. g4 {[%emt 0:00:00][%cal Bg2g4,Bg4g5][%mdl 32] B48: Sicilian: Taimanov: 5 Nc3 Qc7 6 Be3 a6 without Be2.} b5 8. Qd2 {[%emt 0:00:00] [#]} (8. Nxc6 $11 Qxc6 9. Bg2) 8... Ne5 $146 (8... Nxd4 $15 9. Qxd4 Bb7) ({Predecessor:} 8... Nxd4 9. Qxd4 Bb7 10. O-O-O Rc8 11. Bd3 Ne7 12. f4 Nc6 13. Qb6 Qxb6 14. Bxb6 Nb4 {½-½ (40) Van Doorn,J (2237)-Grobshtein,E (2312) ICCF email 2009}) 9. Bf4 {[%emt 0:00:00] The position is equal.} d6 10. O-O-O Nf6 11. g5 {[%emt 0:15:47] Hoping for Bxe5.} Nfd7 12. Bg3 Bb7 13. f4 Nc4 14. Qd3 (14. Bxc4 $14 Qxc4 15. a3) 14... Rc8 $15 15. Bg2 Nc5 ({Black should play} 15... Be7 $17) 16. Qe2 $11 Qa5 (16... Be7 $15) 17. Be1 (17. Nb3 $5 Qc7 18. Nd4 $11) 17... Qb6 (17... Qb4 18. Nb3 $14) (17... g6 $15 18. Rg1 h6) 18. f5 (18. b3 $14 Na3 19. Nd5 $1 exd5 20. exd5+ Be7 21. Bb4) 18... e5 $36 {[%emt 0:01:34][%mdl 2048] Black is pushing.} 19. Nb3 {[%emt 0:01:50] [#]} (19. Nd5 $15 Bxd5 20. exd5) 19... Na4 $1 $17 20. Bf2 Qc7 21. Nxa4 bxa4 22. Na1 $2 ({Don't play} 22. Nc5 d5 23. Nd3 (23. Nxa4 d4 $17) 23... d4 $17) (22. Rd3 axb3 23. axb3) 22... Nxb2 $19 {[%emt 0:00:19] Black is clearly winning.} 23. Rde1 (23. Rd2 $142 Qa5 24. h4) 23... Qc3 {[%emt 0:00:23] Threatens to win with ...Nc4.} 24. Bf1 Nc4 {[%emt 0:00:21] Weighted Error Value: White=0.85/Black=0.17 (very precise)} 0-1

[Event "GER-ch Youth-U14 2022"]
[Site "Willingen"]
[Date "2022.06.08"]
[Round "5.2"]
[White "Sommer, Justus"]
[Black "Deuer, Marius"]
[Result "0-1"]
[ECO "B13"]
[WhiteElo "1868"]
[BlackElo "2359"]
[Annotator "TA"]
[PlyCount "78"]
[EventDate "2022.06.05"]
[EventType "swiss"]
[EventRounds "9"]
[EventCountry "GER"]
[SourceTitle "playchess.com"]
[Source "ChessBase"]
[SourceQuality "1"]
[TimeControl "40/4500+30:900+30"]

1. e4 c6 2. d4 d5 3. exd5 cxd5 4. c4 Nf6 5. Nc3 Nc6 6. Bg5 dxc4 7. Bxc4 {[%emt 0:00:00] 7.Bxc4 is better than 7.d5.} h6 {[%emt 0:00:00] B13: Caro-Kann: Exchange Variation and Panov-Botvinnik Attack.} 8. Bh4 Qxd4 9. Qxd4 Nxd4 {[%emt 0:00:00] The position is equal.} 10. O-O-O {[%emt 0:00:00] Prevents Nc2.} g5 (10... e5 $5 ) 11. Rxd4 {[%emt 0:03:00] And now Bg3 would win.} gxh4 12. Nb5 e5 {[%emt 0:00:00] [#]} 13. Rd2 $146 (13. Rxh4 $14 Bc5 14. Nf3 (14. Nc7+ Ke7 $11)) ({Predecessor:} 13. Nc7+ Ke7 14. Rxh4 Rb8 15. Nf3 e4 16. Ne5 Bg7 17. Rd1 Bf5 18. Rf4 Rhc8 19. Rxf5 Rxc7 20. Kb1 Rf8 21. Ng6+ {1-0 (21) Yan,T (2240)-Girya,O (2488) China 2019}) 13... Bb4 $15 ({But not} 13... Rb8 14. Nf3 $11) 14. Nc7+ Ke7 15. Nxa8 Bxd2+ 16. Kxd2 Bg4 $36 {[%emt 0:00:46][%mdl 2048] Black has some pressure.} 17. h3 Bh5 18. Be2 Rd8+ 19. Ke3 (19. Ke1 $142) 19... Nd5+ $1 $17 ({And not} 19... Rxa8 20. Bxh5 Nxh5 21. Nf3 $11) 20. Ke4 {[%emt 0:02:09] [#]} Bxe2 {[%emt 0:05:02] Black is more active.} 21. Nxe2 Ke6 {[%emt 0:00:08] Hoping for ...f5+.} 22. g4 {[%emt 0:10:52][%cal Of2f4] Against f5+} hxg3 $1 ({Worse is} 22... Rxa8 23. f4 Nf6+ 24. Ke3 $15) 23. fxg3 Rxa8 {[%emt 0:09:36][%mdl 4096] Endgame KRN-KRN} 24. g4 Rc8 25. Rc1 {[%emt 0:01:57] Against Rc2} (25. Re1 $17) 25... Rxc1 $19 26. Nxc1 {[%emt 0:00:07] KN-KN} Nf4 27. h4 {[%emt 0:00:45] [#]} b6 $1 28. a4 f6 {[%emt 0:07:12] White must now prevent ...h5.} 29. Na2 (29. h5 $142) 29... h5 30. Kf3 (30. gxh5 $142 f5+ 31. Kf3) 30... hxg4+ 31. Kxg4 f5+ 32. Kg5 (32. Kg3 $142 Nd5 33. Kh3) 32... Nh3+ 33. Kg6 f4 {[%emt 0:01:06] ( -> ...f3)} 34. h5 f3 {[%emt 0:01:38] Black mates.} 35. h6 Nf4+ 36. Kg5 f2 37. h7 f1=Q 38. h8=Q Qg2+ 39. Kh6 Qg6# {[%emt 0:00:06] Weighted Error Value: White=0.67/Black=0.02 (flawless)} 0-1